 Dungeon Crawl Stone Soup version 0.30-a0-1102-g2dbb833546 (webtiles) character file.

Game seed: 6173017896671422150

1202 KristoblXynda the Slasher (level 8, -3/70 HPs)
             Began as a White Draconian Gladiator on Apr 18, 2023.
             Slain by an ogre
             ... wielding a +0 giant club
              (12 damage)
             ... on level 5 of the Dungeon.
             The game lasted 00:08:31 (4455 turns).

KristoblXynda the Slasher (DrGl)                    Turns: 4455, Time: 00:08:31

Health: -3/70      AC:  9    Str: 16    XL:     8   Next: 21%
Magic:  8/8        EV: 14    Int: 10    God:
Gold:   1198       SH:  0    Dex: 14    Spells: 7/7 levels left

rFire   . . .      SeeInvis .    a - +0 long sword (heavy)
rCold   + + .      Faith    .    (no shield)
rNeg    . . .      Spirit   .    (body armour unavailable)
rPois   .          Reflect  .    b - +1 hat
rElec   .          Rampage  .    (no cloak)
rCorr   .                        (no gloves)
Will    .....                    p - +1 pair of boots
Stlth   +                        i - amulet of regeneration
HPRegen 1.11/turn                s - ring of protection from cold
MPRegen 0.11/turn                z - ring of wizardry

@: no status effects
A: breathe frost, AC +6, unfitting armour, cold resistance 1, cold-blooded
a: Breathe Frost


You were on level 5 of the Dungeon.
You visited 1 branch of the dungeon, and saw 5 of its levels.
You also visited: Sewer.

You collected 1324 gold pieces.
You spent 126 gold pieces at shops.

Inventory:

Hand Weapons
 a - a +0 heavy long sword (weapon)
Missiles
 c - 2 throwing nets (quivered)
 d - a javelin
Armour
 b - a +1 hat (worn)
 p - a +1 pair of boots (worn)
 x - a scarf of invisibility
Jewellery
 i - an amulet of regeneration (around neck)
 j - a +6 ring of intelligence
 s - a ring of protection from cold (left hand)
 z - a ring of wizardry (right hand)
 B - a ring of poison resistance
Wands
 C - a wand of digging (5)
Scrolls
 e - 2 scrolls of immolation
 l - a scroll of silence {unknown}
 q - 2 scrolls of fog {unknown}
 r - a scroll of blinking {unknown}
 u - a scroll of noise {unknown}
 w - 2 scrolls of teleportation
 y - a scroll of fear {unknown}
 A - a scroll of enchant armour
Potions
 f - 2 potions of curing
 g - 4 potions of attraction
 h - 2 potions of mutation
 k - a potion of heal wounds {unknown}
 m - a potion of lignification
 n - 2 potions of brilliance
 o - a potion of flight {unknown}
 t - 2 potions of haste
 v - a potion of invisibility {unknown}


   Skills:
 + Level 5.8 Fighting
 * Level 7.5 Long Blades
 - Level 2.0 Throwing
 + Level 5.2 Dodging


You had 7 spell levels left.
You didn't know any spells.
Your spell library was empty.

Dungeon Overview and Level Annotations

Branches:
Dungeon (5/15)              Sewer (visited)
 Temple: D:4-7

Altars:
Cheibriados
Dithmenos
Okawaru
Ru

Shops:
D:2 !   D:4 [

Annotations:
D:5 Menkaure


Innate Abilities, Weirdness & Mutations

You can breathe waves of freezing cold which knock back foes.
Your icy white scales are hard. (AC +6)
You cannot fit into any form of body armour.
Your flesh is cold resistant. (rC+)
You are cold-blooded and may be slowed by cold attacks.


Message History

The orc attacks as you move away! The orc closely misses you.
The hound barely misses you.
You slice the hound!!
You kill the hound!
The jackal bites you but does no damage.
You slash the jackal!
You kill the jackal!
The adder bites you but does no damage.
You slash the adder!
The adder is almost dead.
The adder bites you but does no damage. The adder bites you.
You are poisoned.
The adder poisons you!
You hit the adder but do no damage. You tail-slap the adder.
You kill the adder!
You feel sick.
You barely miss the orc.
You feel sick. The orc hits you with a +0 short sword.
The orc hits you but does no damage.
You slice the orc!!
You kill the orc!
You feel sick.
You are no longer poisoned.
You barely miss the ogre. The ogre barely misses you.
You barely miss the ogre. The ogre hits you with a +0 giant club!
You barely miss the ogre. The ogre hits you with a +0 giant club!
You slice the ogre!!
Your tail-slap misses the ogre.
The ogre is severely wounded.
The ogre misses you.
You slash the ogre!
The ogre is almost dead.
The ogre hits you with a +0 giant club!
You barely miss the ogre.
The ogre is almost dead.
The ogre barely misses you.
You barely miss the ogre.
The ogre is almost dead.
The ogre hits you with a +0 giant club!!
* * * LOW HITPOINT WARNING * * *
The ogre hits you with a +0 giant club!
You die...

#.. #...###.#
### #
##..###.#
...# #..
#......# ...#
#.# ##.....#
:.... #####.#
###...# ...
....#.#
####.# ...
#....
####....# #.#
###.#
#.......##..#
#..
.?.......O@.#
#..
.........####
###
####.###.#
... #.# ...
#.# #.. #.#
... ..# ..#


You could see an ogre.

Vanquished Creatures
  Edmund (D:5)
  A sky beast (D:4)
  An ogre (D:4)
  A phantom (D:4)
  2 bullfrogs (Sewer)
  3 hounds
  A jelly (D:5)
  2 sleepcaps (D:4)
  Terence (D:2)
  A mummy (D:5)
  23 gnolls (D:4)
  8 adders
  A river rat (D:3)
  4 worms
  5 dart slugs
  21 orcs
  7 endoplasms
  9 giant cockroaches
  9 goblins
  8 hobgoblins
  21 jackals
  9 quokkas
  10 ball pythons
  7 bats
  11 frilled lizards
  12 kobolds
  10 rats
189 creatures vanquished.

Vanquished Creatures (others)
  3 plants (D:4)
  6 toadstools (D:1)
9 creatures vanquished.

Grand Total: 198 creatures vanquished

Notes
Turn   | Place    | Note
-------+----------+-------------------------------------------
     0 | D:1      | KristoblXynda the Draconian Gladiator began the quest for
                  | the Orb.
     0 | D:1      | Reached XP level 1. HP: 17/17 MP: 1/1
   242 | D:1      | Reached XP level 2. HP: 22/25 MP: 2/2
   599 | D:1      | Found a faded altar of an unknown god.
   611 | D:1      | Reached XP level 3. HP: 26/30 MP: 3/3
  1269 | D:2      | Found a sacrificial altar of Ru.
  1295 | D:2      | Reached skill level 4 in Long Blades
  1295 | D:2      | Reached XP level 4. HP: 38/38 MP: 4/4
  1304 | D:2      | Found Jexkush's Distillery.
  1332 | D:2      | Bought a potion of curing for 42 gold pieces
  1332 | D:2      | Bought a potion of curing for 42 gold pieces
  1332 | D:2      | Bought a potion of lignification for 42 gold pieces
  1671 | D:2      | Noticed Terence
  1695 | D:2      | Killed Terence
  1966 | D:3      | Identified a scroll of acquirement
  1966 | D:3      | Acquired 870 gold pieces
  2086 | D:3      | Found a glowing drain.
  2125 | Sewer    | Entered a sewer
  2131 | Sewer    | Reached XP level 5. HP: 45/45 MP: 5/5
  2403 | Sewer    | Reached skill level 5 in Long Blades
  2410 | Sewer    | Reached XP level 6. HP: 45/52 MP: 6/6
  2597 | D:3      | Found an iron altar of Okawaru.
  2691 | D:3      | Found a shadowy altar of Dithmenos.
  3420 | D:4      | Your scales start taking on an icy white colour.
  3420 | D:4      | Reached XP level 7. HP: 60/60 MP: 7/7
  3420 | D:4      | Gained mutation: Your flesh is cold resistant. (rC+) [White
                  | Draconian growth]
  3599 | D:4      | Found Marduk's Dragon-Slaying Spoils.
  3703 | D:4      | Reached skill level 6 in Long Blades
  3726 | D:4      | Identified the +8 chain mail "Enireele" {Dex+2 Stlth+}
  3883 | D:4      | Reached skill level 5 in Fighting
  4147 | D:4      | Reached skill level 7 in Long Blades
  4147 | D:4      | Reached skill level 5 in Dodging
  4147 | D:4      | Reached XP level 8. HP: 64/69 MP: 8/8
  4325 | D:5      | Entered Level 5 of the Dungeon
  4366 | D:5      | Noticed Edmund
  4383 | D:5      | Killed Edmund
  4400 | D:5      | Found a snail-covered altar of Cheibriados.
  4416 | D:5      | Noticed Menkaure
  4455 | D:5      | Slain by an ogre

Illustrated notes

Levels and vault maps discovered:
D:1:      mushboom_english_gardens, layout_loops_ring,
          shapermc_ecumenical_altar_totnotflames, minmay_gold_behind_fungi
D:2:      layout_loops_cross, basic_altar, serial_shops,
          nicolae_shop_industrial_runoff, minivault_5, uniq_terence
D:3:      layout_loops_ring, mainiacjoe_overflow_brackets,
          okawaru_ov_weapons_minmay, portal_sewer_entry_a
D:4:      lemuel_castle_with_subvaults [lemuel_castle_interior_original],
          layout_loops_cross, chequers_serial_rivers_micro_c,
          nicolae_shop_dragon_depot
D:5:      minmay_recursive_quarters, layout_loops_corners,
          mainiacjoe_overflow_chevrons, slow_altar_1,
          mainiacjoe_overflow_small_starburst, uniq_edmund, uniq_menkaure,
          uniq_duvessa

Skill      XL: |  1  2  3  4  5  6  7 |
---------------+----------------------+-----
Throwing       | 2 |  2.0
Dodging        | 3 4 5 |  5.2
Fighting       | 3 4 5 |  5.8
Long Blades    | 4 5 7 |  7.5

Action                     |  1- 3 |  4- 6 |  7- 9 || total
---------------------------+-------+-------+-------++-------
  Melee: Long sword        |   133 |   270 |   174 ||   577
         Tailslap          |    13 |    28 |    21 ||    62
         Punch             |     2 |     2 |     6 ||    10
  Throw: Throwing net      |       |     1 |     1 ||     2
Ability: Breathe Frost     |       |       |     1 ||     1
    Use: Scroll            |       |     7 |     3 ||    10
         Potion            |       |       |     1 ||     1
   Stab: Sleeping          |     5 |       |       ||     5
         Held in net/web   |       |     1 |       ||     1
 Armour: Skin              |    51 |   183 |    88 ||   322
  Dodge: Dodged            |    86 |   334 |   208 ||   628

Table legend: (Time is in decaauts)
 A = Elapsed time spent in this place.
 B = Non-inter-level travel time spent in this place.
 C = Inter-level travel time spent in this place.
 D = Time resting spent in this place.
 E = Time spent auto-exploring this place.
 F = Levels seen in this place.
 G = Mean time per level.
                   A        B        C        D        E       F      G
               +--------+--------+--------+--------+--------+-----+--------+
         Total |   4823 |   4683 |    140 |    436 |   2312 |   6 |  803.8 |
       Dungeon |   4288 |   4148 |    140 |    329 |   2254 |   5 |  857.6 |
         Sewer |    534 |    534 |      0 |    107 |     57 |   1 |  534.0 |
               +--------+--------+--------+--------+--------+-----+--------+

Top non-repeatable levels by time:
     D:4: 1443 daAuts
     D:1: 1057 daAuts
     D:2: 953 daAuts
     D:3: 689 daAuts
   Sewer: 534 daAuts
     D:5: 145 daAuts
